 Dungeon Crawl Stone Soup version 0.26-a0-707-g31817bcca1 (webtiles) character file.

Game seed: 17933957424276342172

78 Forecaster the Magician (level 4, 0/37 HPs)
             Began as a Naga Hedge Wizard on Oct 26, 2020.
             Slain by an orc
             ... wielding a +0 mace
              (1 damage)
             ... on level 3 of the Dungeon on Oct 27, 2020.
             The game lasted 00:10:01 (2849 turns).

Forecaster the Magician (Naga Hedge Wizard)         Turns: 2849, Time: 00:10:02

Health: 0/37       AC:  3    Str: 13    XL:     4   Next: 36%
Magic:  5/9        EV: 10    Int: 14    God:
Gold:   157        SH:  0    Dex: 11    Spells: 5/10 levels left

rFire    . . .     SeeInvis +   s - +3 dagger
rCold    . . .     Faith    .   (no shield)
rNeg     . . .     Spirit   .   b - +0 robe
rPois    +         Reflect  .   c - +0 hat
rElec    .         Harm     .   r - +0 cloak
rCorr    .         Rampage  .   (no gloves)
MR       .....                  (no barding)
Stlth    ++........             (no amulet)
HPRegen  0.12/turn              (no ring)
MPRegen  0.11/turn              (no ring)

@: very slow
A: large, see invisible, deformed body, poison resistance, slowness 2, spit
poison 1, AC +1
a: Spit Poison


You were on level 3 of the Dungeon.
You visited 1 branch of the dungeon, and saw 3 of its levels.

You collected 157 gold pieces.

Inventory:

Hand Weapons
 a - a +0 dagger
 s - a +3 dagger (weapon)
Missiles
 j - 4 javelins (quivered)
 l - 31 poisoned darts
Armour
 b - a +0 robe (worn)
 c - a +0 hat (worn)
 i - a +0 cloak
 p - a +0 kite shield
 r - a +0 cloak (worn)
Scrolls
 d - a scroll of blinking {unknown}
 e - a scroll of immolation {unknown}
 f - a scroll of teleportation {unknown}
 h - 2 scrolls of remove curse {unknown}
 k - 2 scrolls of identify {unknown}
 m - a scroll of random uselessness {unknown}
 o - a scroll of enchant armour {unknown}
 t - a scroll of magic mapping {unknown}
Potions
 n - a potion of curing {unknown}
 q - a potion of brilliance {unknown}
 u - a potion of lignification {unknown}


   Skills:
 + Level 0.3 Fighting
 + Level 0.2 Short Blades
 + Level 1.8 Dodging
 + Level 3.8 Stealth
 + Level 3.9 Spellcasting
 + Level 1.9 Conjurations
 + Level 1.0 Summonings
 + Level 1.0 Translocations


You had 5 spell levels left.
You knew the following spells:

 Your Spells              Type           Power        Failure   Level
a - Magic Dart            Conj           #...         9%          1
b - Call Imp              Summ           #.......     19%         2
c - Blink                 Tloc           N/A          19%         2

Your spell library contained the following spells:

 Spells                   Type           Power        Failure   Level
 Slow                     Hex            #.......     30%         2
 Conjure Flame            Conj/Fire      #.......     36%         3
 Mephitic Cloud           Conj/Pois/Air  #.......     41%         3


Dungeon Overview and Level Annotations

Branches:
Dungeon (3/15)

Altars:
Xom


Innate Abilities, Weirdness & Mutations

You cannot wear boots.
Your serpentine skin is tough. (AC +1)
You have supernaturally acute eyesight. (SInv)
Armour fits poorly on your strangely shaped body.
Your system is resistant to poisons. (rPois)
You cover ground very slowly.
You can spit poison.


Message History

The orc throws a stone.
The stone hits you but does no damage.
The orc throws a stone.
The stone barely misses you. The orc wizard barely misses you.
The orc throws a stone.
The stone closely misses you.
The orc throws a stone.
The stone misses you.
You see here 2 stones.
Casting: Call Imp (safe; 19% risk of failure)
Confirm with . or Enter, or press ? or * to list all spells.
You blink.
The orc wizard points at you and mumbles some strange words.
The puff of flame misses you.
The puff of flame hits the orc!
The orc dies!
The orc wizard closely misses you.
The orc throws a stone.
The stone hits you.
* * * LOW HITPOINT WARNING * * *
Casting: Blink (safe; 19% risk of failure)
Confirm with . or Enter, or press ? or * to list all spells.
You blink.
The orc hits you with a +0 mace.
* * * LOW HITPOINT WARNING * * *
The orc misses you. The orc hits you with a +0 mace.
You die...

##### #...# #.#.#
####.#.############
#>........(.@...(.### #####
#........###†o......#####...#
♣(†(...(o......(........
♣.♣(..(#.(((...(#####....
♣._.♣...#....(...# ##....
..♣.♣...##.....(.(# #.....
....♣....##.....((.# #.).^.
..........###......†(# #.....
......##### #........(#
#.....


You could see an orc wizard (fast) and an orc.

Vanquished Creatures
  A hound skeleton (D:3)
  An adder (D:3)
  2 dart slugs
  A leopard gecko (D:2)
  An orc (D:3)
  5 bats
  3 giant cockroaches
  4 goblins
  5 hobgoblins
  7 kobolds
  A quokka (D:2)
  2 frilled lizards
  8 rats
41 creatures vanquished.

Vanquished Creatures (collateral kills)
  A dart slug (D:3)
  3 goblins (D:2)
  2 hobgoblins (D:2)
6 creatures vanquished.

Vanquished Creatures (others)
  An orc (D:3)
1 creature vanquished.

Grand Total: 48 creatures vanquished

Notes
Turn   | Place    | Note
-------+----------+-------------------------------------------
     0 | D:1      | Forecaster the Naga Hedge Wizard began the quest for the
                  | Orb.
     0 | D:1      | Reached XP level 1. HP: 15/15 MP: 4/4
   356 | D:1      | Reached XP level 2. HP: 6/22 MP: 6/6
   576 | D:1      | Learned a level 2 spell: Call Imp
   580 | D:1      | Learned a level 2 spell: Blink
  1424 | D:2      | Reached XP level 3. HP: 19/28 MP: 0/8
  1540 | D:2      | Found a shimmering altar of Xom.
  2542 | D:3      | Reached XP level 4. HP: 28/36 MP: 2/9
  2784 | D:3      | Found a faded altar of an unknown god.
  2847 | D:3      | HP: 1/37 [orc/+0 mace (2)]
  2849 | D:3      | Slain by an orc

Illustrated notes

Levels and vault maps discovered:
D:1:      minmay_arrival_jagged, layout_basic
D:2:      cheibrodos_greedy_goblins, layout_basic, overflow_temple_1_default,
          grunt_ministairs_5
D:3:      layout_basic, chequers_ecumenical_altar_simple_redux

Action                   |  1- 3 |  4- 6 || total
-------------------------+-------+-------++-------
Melee: Dagger            |    35 |    13 ||    48
 Cast: Magic Dart        |    78 |    21 ||    99
       Call Imp          |     4 |     2 ||     6
       Blink             |       |     2 ||     2
  Use: Potion            |       |     1 ||     1
 Stab: Sleeping          |     1 |       ||     1
Armor: Robe              |    12 |    18 ||    30
Dodge: Dodged            |    32 |    35 ||    67

Table legend: (Time is in decaauts)
 A = Elapsed time spent in this place.
 B = Non-inter-level travel time spent in this place.
 C = Inter-level travel time spent in this place.
 D = Time resting spent in this place.
 E = Time spent auto-exploring this place.
 F = Levels seen in this place.
 G = Mean time per level.
                   A        B        C        D        E       F      G
               +--------+--------+--------+--------+--------+-----+--------+
         Total |   3369 |   3341 |     28 |    789 |   2030 |   3 | 1123.0 |
       Dungeon |   3369 |   3341 |     28 |    789 |   2030 |   3 | 1123.0 |
               +--------+--------+--------+--------+--------+-----+--------+

Top non-repeatable levels by time:
     D:1: 1514 daAuts
     D:2: 1320 daAuts
     D:3: 534 daAuts
